 Dungeon Crawl Stone Soup version 0.30.0-10-gfe55d96785 (webtiles) character file.

Game seed: 13889371402586790105

10188 qw the Cleaver (level 11, -17/72 HPs)
             Began as a Gargoyle Cinder Acolyte on May 16, 2023.
             Was a Follower of Ignis.
             Killed from afar by a gargoyle (32 damage)
             ... with a stone arrow
             ... on level 10 of the Dungeon.
             The game lasted 00:05:09 (8985 turns).

qw the Cleaver (Gargoyle Cinder Acolyte)            Turns: 8985, Time: 00:05:10

Health: -17/72     AC: 33    Str: 23    XL:     11   Next: 58%
Magic:  12/12      EV:  9    Int: 14    God:    Ignis [*.....]
Gold:   403        SH:  5    Dex: 11    Spells: 12/12 levels left

rFire   + . .        i - +2 hand axe (vamp)
rCold   . . .        g - +0 buckler
rNeg    + . .        b - +3 chain mail
rPois   inf          k - +0 helmet
rElec   +            c - +0 cloak
rCorr   .            e - +1 pair of gloves
SInv    .            (no boots)
Will    .....        (no amulet) Stlth
                     a - +6 ring of dexterity
HPRegen 0.32/turn    r - +4 ring of slaying {mikee}
MPRegen 0.13/turn

%: no passive effects
@: about to teleport, fiery-armoured
A: sickness immunity, AC +8, negative energy resistance 1, electricity
resistance, torment resistance 1, petrification resistance, deterioration 1
a: Renounce Religion, Fiery Armour, Foxfire Swarm, Rising Flame


You were on level 10 of the Dungeon.
You worshipped Ignis.
Ignis was aware of your devotion.
You visited 1 branch of the dungeon, and saw 10 of its levels.
You also visited: Sewer.

You collected 523 gold pieces.
You spent 120 gold pieces at shops.


Innate Abilities, Weirdness & Mutations

You are immune to sickness and miasma.
Your stone body is resilient. (AC +8)
You are immune to poison.
You resist negative energy. (rN+)
You are resistant to electric shocks. (rElec)
You are resistant to unholy torment.
You are immune to petrification.
Your body sometimes deteriorates upon taking damage.


   Skills:
 - Level 10.0 Fighting
 - Level 12.0 Axes
 - Level 1.6 Throwing
 + Level 7.0 Armour
 - Level 2.1 Dodging
 - Level 6.0 Shields
 - Level 1.0 Spellcasting
 - Level 3.0 Fire Magic


You had 12 spell levels left.
You didn't know any spells.
Your spell library contained the following spells:

 Spells                   Type           Power      Damage    Failure   Level
 Scorch                   Fire           18%        2d6       56%         2

Inventory:

Hand Weapons
 i - a +2 vampiric hand axe (weapon)
 Y - a +0 war axe of flaming
Missiles
 d - 2 boomerangs (quivered)
Armour
 b - a +3 chain mail (worn)
 c - a +0 cloak (worn)
 e - a +1 pair of gloves (worn)
 g - a +0 buckler (worn)
 k - a +0 helmet (worn)
 m - a +8 chain mail of ponderousness
Jewellery
 a - a +6 ring of dexterity (left hand)
 r - a +4 ring of slaying (right hand) {mikee}
Scrolls
 n - 8 scrolls of identify
 p - 2 scrolls of teleportation
 s - 3 scrolls of enchant weapon {unknown}
Potions
 f - 3 potions of heal wounds
 h - 3 potions of might
 j - 5 potions of haste
 l - 3 potions of mutation
 o - 5 potions of curing
 q - a potion of resistance

Dungeon Overview and Level Annotations

Branches:
Dungeon (10/15)            Temple (0/1) D:5             Orc (0/2) D:9
  Sewer (visited)
   Lair: D:8-11

Altars:
Cheibriados
Dithmenos
Kikubaaqudgha
Makhleb
Nemelex Xobeh
Qazlal
Ru
Wu Jian
Xom

Shops:
D:4 *

Portals:
Trove: D:10 (give +6 demon whip)

Annotations:
D:8 4 runed translucent doors


Message History

You hit the gargoyle but do no damage.
The gargoyle is moderately damaged.
You hit the gargoyle but do no damage.
The gargoyle is moderately damaged.
The gargoyle barely misses you.
You slash the gargoyle!
The gargoyle is heavily damaged.
The gargoyle hurls a stone arrow at you.
The stone arrow misses you.
You hit the gargoyle.
The gargoyle is severely damaged.
You hit the gargoyle.
The gargoyle is severely damaged.
The gargoyle hurls a stone arrow at you.
The stone arrow misses you.
You barely miss the gargoyle.
The gargoyle is severely damaged.
The gargoyle hits you but does no damage.
You hit the gargoyle but do no damage.
The gargoyle is severely damaged.
The gargoyle hits you with a +0 mace!
You hit the gargoyle but do no damage.
The gargoyle is severely damaged.
You barely miss the gargoyle.
The gargoyle is severely damaged.
The gargoyle hurls a stone arrow at you.
The stone arrow hits you!!
8983 ||| INVOKING Fiery Armour.
A protective cloak of flame settles atop you.
The gargoyle hits you but does no damage.
You slash the gargoyle!
The gargoyle is almost destroyed.
The gargoyle hurls a stone arrow at you.
The stone arrow hits you!
8985 ||| READING 3 scrolls of teleportation.
As you read the scroll of teleportation, it crumbles to dust.
You feel strangely unstable.
The gargoyle hurls a stone arrow at you.
The stone arrow hits you!!
You die...

##..##. #..## ######'###
#........# #........#
###+### #........#
....... #........#
.......######...<....###
......9@...##...........
.......###..'...........
....... ####...........
....... #########'##
####### #..#
#############'#
#..............
#..............
#..............


You could see a gargoyle.

Vanquished Creatures
  Erica (D:8)
  A two-headed ogre (D:9)
  Joseph (D:9)
  An unseen horror (D:8)
  A kobold demonologist (D:8)
  A hornet (D:8)
  A troll (D:10)
  Grinder (Sewer)
  2 wyverns
  A shadow (D:10)
  2 steam dragons
  A wraith (D:10)
  9 yaks (D:9)
  2 water moccasins
  2 wargs (D:9)
  2 orc warriors
  An ice beast (D:7)
  4 black bears
  2 sky beasts (D:7)
  2 ogres
  4 centaurs
  3 phantoms
  9 kobold brigands
  A gnoll sergeant (D:9)
  3 bullfrogs (D:8)
  5 scorpions
  A necrophage (Sewer)
  21 wights
  A killer bee (D:8)
  2 howler monkeys (D:8)
  7 quasits (D:8)
  3 hounds
  6 orc priests
  A sleepcap (D:6)
  2 iguanas
  2 orc wizards
  Natasha (thrice) (D:3)
  8 adders
  5 gnolls (D:9)
  6 shadow imps
  4 white imps (D:8)
  7 ufetubi
  A worm (D:5)
  2 dart slugs
  24 orcs
  8 ball pythons
  A bat zombie (Sewer)
  11 endoplasms
  6 giant cockroaches
  6 goblins
  2 hobgoblins
  2 jackals (D:5)
  2 quokkas
  3 bats
  5 frilled lizards
  A giant cockroach zombie (Sewer)
  36 kobolds
  A kobold zombie (Sewer)
  8 rats
261 creatures vanquished.

Notes
Turn   | Place    | Note
-------+----------+-------------------------------------------
     0 | D:1      | qw the Gargoyle Cinder Acolyte began the quest for the Orb.
     0 | D:1      | Reached XP level 1. HP: 14/14 MP: 2/2
     0 | D:1      | 0 ||| qw: Version: 0.2-a-94-g6f95ed7
     0 | D:1      | 0 ||| qw: Game counter: 42
     0 | D:1      | 0 ||| qw: Always use a shield: true
     0 | D:1      | 0 ||| qw: God list: Okawaru
     0 | D:1      | 0 ||| qw: Allow faded altars: false
     0 | D:1      | 0 ||| qw: Do Orc after D:15 true
     0 | D:1      | 0 ||| qw: Do second Lair branch before Depths: true
     0 | D:1      | 0 ||| qw: Lair rune preference: random
     0 | D:1      | 0 ||| qw: Plans: Normal
     0 | D:1      | 0 ||| PLANNING D:1-11
   102 | D:1      | Reached skill level 3 in Axes
   130 | D:1      | Reached XP level 2. HP: 19/19 MP: 3/3
   737 | D:1      | 737 ||| UPGRADING to +0 leather armour.
   747 | D:1      | 747 ||| DROPPING +0 robe.
   748 | D:1      | 748 ||| READING 2 scrolls labelled ORYRCH WASEROYV.
   749 | D:1      | 749 ||| READING scroll labelled NASYAN QIXTASI.
   750 | D:1      | 750 ||| READING scroll labelled APREZI HEIWKU.
   751 | D:1      | 751 ||| READING scroll labelled TEDWEO EN KESS.
   752 | D:1      | 752 ||| READING scroll labelled VUCINKU TAEHA.
   753 | D:1      | 753 ||| READING scroll labelled JUROXU HEUPT.
   757 | D:1      | 757 ||| DRINKING 2 brown potions.
   758 | D:1      | 758 ||| DROPPING scroll of blinking.
   779 | D:2      | 779 ||| STAIRDANCE
   906 | D:2      | Reached XP level 3. HP: 18/23 MP: 4/4
  1027 | D:2      | Reached skill level 4 in Axes
  1048 | D:2      | Found a faded altar of an unknown god.
  1127 | D:2      | 1127 ||| Stepping ~*~*~tactically~*~*~ (stealth).
  1131 | D:2      | 1131 ||| Stepping ~*~*~tactically~*~*~ (hiding).
  1132 | D:2      | 1132 ||| Stepping ~*~*~tactically~*~*~ (hiding).
  1133 | D:2      | 1133 ||| Stepping ~*~*~tactically~*~*~ (hiding).
  1136 | D:2      | 1136 ||| Stepping ~*~*~tactically~*~*~ (hiding).
  1137 | D:2      | 1137 ||| Stepping ~*~*~tactically~*~*~ (hiding).
  1344 | D:2      | 1344 ||| UPGRADING to +0 cloak.
  1349 | D:2      | 1349 ||| UPGRADING to +0 buckler.
  1354 | D:2      | 1354 ||| UPGRADING to +0 scale mail.
  1364 | D:2      | 1364 ||| DROPPING +0 leather armour.
  1365 | D:2      | 1365 ||| READING scroll labelled AWAAJAVVIRR.
  1366 | D:2      | 1366 ||| READING scroll labelled RYBIMIJAF.
  1421 | D:3      | 1421 ||| Stepping ~*~*~tactically~*~*~ (stealth).
  1423 | D:3      | 1423 ||| Stepping ~*~*~tactically~*~*~ (hiding).
  1428 | D:3      | Noticed a black bear
  1429 | D:3      | 1429 ||| INVOKING Fiery Armour.
  1432 | D:3      | Reached XP level 4. HP: 28/28 MP: 5/5
  1436 | D:3      | Reached skill level 1 in Armour
  1438 | D:3      | Killed a black bear
  1439 | D:3      | Reached XP level 5. HP: 32/32 MP: 6/6
  1625 | D:3      | Noticed Natasha
  1633 | D:3      | Killed Natasha
  1634 | D:3      | Reached skill level 5 in Axes
  1907 | D:3      | Reached XP level 6. HP: 37/37 MP: 7/7
  2027 | D:3      | Noticed Natasha
  2028 | D:3      | 2028 ||| Stepping ~*~*~tactically~*~*~ (stealth).
  2038 | D:3      | 2038 ||| Stepping ~*~*~tactically~*~*~ (stealth).
  2040 | D:3      | 2040 ||| Stepping ~*~*~tactically~*~*~ (hiding).
  2057 | D:3      | Killed Natasha
  2074 | D:3      | Identified the +7 hand axe of Qophat Raw {heavy, rC+
                  | Stlth+}
  2082 | D:3      | Noticed Natasha
  2091 | D:3      | 2091 ||| INVOKING Fiery Armour.
  2092 | D:3      | Killed Natasha
  2184 | D:3      | 2184 ||| SWAPPING to +7 hand axe of Qophat Raw {heavy, rC+
                  | Stlth+}.
  2273 | D:3      | 2273 ||| UPGRADING to +0 chain mail.
  2283 | D:3      | 2283 ||| DROPPING +0 scale mail.
  2284 | D:3      | 2284 ||| UPGRADING to +0 helmet.
  2289 | D:3      | 2289 ||| DROPPING orb of light.
  2290 | D:3      | 2290 ||| READING scroll labelled VIUZEAZAMI.
  2291 | D:3      | 2291 ||| READING 2 scrolls labelled FATIRE POICH.
  2292 | D:3      | 2292 ||| READING scroll labelled ECOECI JI WELA.
  2293 | D:3      | 2293 ||| DRINKING 3 silvery potions.
  2294 | D:3      | 2294 ||| DROPPING scroll of immolation.
  2350 | D:4      | 2350 ||| PLANNING SEWER
  2354 | D:4      | 2354 ||| STAIRDANCE
  2390 | D:4      | Found a glowing drain.
  2392 | D:4      | 2392 ||| Stepping ~*~*~tactically~*~*~ (stealth).
  2424 | Sewer    | Entered a sewer
  2573 | Sewer    | 2573 ||| INVOKING Fiery Armour.
  2576 | Sewer    | Noticed Grinder
  2579 | Sewer    | Reached skill level 3 in Armour
  2589 | Sewer    | Reached XP level 7. HP: 30/43 MP: 8/8
  2593 | Sewer    | Killed Grinder
  2594 | Sewer    | Reached skill level 6 in Axes
  2635 | Sewer    | Found an ancient bone altar of Kikubaaqudgha.
  2658 | Sewer    | 2658 ||| Stepping ~*~*~tactically~*~*~ (stealth).
  2666 | Sewer    | 2666 ||| Stepping ~*~*~tactically~*~*~ (hiding).
  2668 | Sewer    | 2668 ||| Stepping ~*~*~tactically~*~*~ (hiding).
  2676 | Sewer    | Reached skill level 3 in Shields
  2697 | Sewer    | 2697 ||| SWAPPING to +0 war axe.
  2698 | Sewer    | 2698 ||| DROPPING +7 hand axe of Qophat Raw {heavy, rC+
                  | Stlth+}.
  2769 | Sewer    | 2769 ||| READING 2 scrolls of identify.
  2769 | Sewer    | 2769 ||| IDENTIFYING emerald potion
  2770 | Sewer    | 2770 ||| DROPPING potion of berserk rage.
  2805 | D:4      | 2805 ||| PLANNING D:1-11
  2825 | D:4      | Found Nulyum's General Store.
  2834 | D:4      | 2834 ||| BUYING potion of mutation (96 gold).
  2834 | D:4      | Bought a potion of mutation for 96 gold pieces
  2834 | D:4      | 2834 ||| SHOPLISTING scroll of brand weapon (114 gold, have
                  | 57).
  2834 | D:4      | 2834 ||| BUYING scroll of identify (24 gold).
  2834 | D:4      | Bought a scroll of identify for 24 gold pieces
  2884 | D:4      | Reached skill level 7 in Axes
  2903 | D:4      | Reached XP level 8. HP: 46/48 MP: 9/9
  3128 | D:4      | 3128 ||| DROPPING +6 ring of intelligence.
  3129 | D:4      | 3129 ||| READING 5 scrolls of identify.
  3129 | D:4      | 3129 ||| IDENTIFYING black potion
  3130 | D:4      | 3130 ||| READING 4 scrolls of identify.
  3130 | D:4      | 3130 ||| IDENTIFYING fizzy grey potion
  3131 | D:4      | 3131 ||| READING 3 scrolls of identify.
  3131 | D:4      | 3131 ||| IDENTIFYING ruby potion
  3132 | D:4      | 3132 ||| READING 2 scrolls of identify.
  3132 | D:4      | 3132 ||| IDENTIFYING fizzy yellow potion
  3133 | D:4      | 3133 ||| DROPPING potion of lignification.
  3134 | D:4      | 3134 ||| DROPPING potion of brilliance.
  3135 | D:4      | 3135 ||| DROPPING potion of degeneration.
  3159 | D:5      | Entered Level 5 of the Dungeon
  3244 | D:5      | 3244 ||| Stepping ~*~*~tactically~*~*~ (hiding).
  3246 | D:5      | 3246 ||| Stepping ~*~*~tactically~*~*~ (hiding).
  3247 | D:5      | 3247 ||| Stepping ~*~*~tactically~*~*~ (hiding).
  3402 | D:5      | Reached skill level 1 in Throwing
  3471 | D:5      | 3471 ||| Stepping ~*~*~tactically~*~*~ (stealth).
  3472 | D:5      | 3472 ||| Stepping ~*~*~tactically~*~*~ (stealth).
  3479 | D:5      | HP: 10/49 [ogre/+0 giant spiked club (21)]
  3480 | D:5      | 3480 ||| READING scroll of teleportation.
  3481 | D:5      | 3481 ||| DRINKING 3 potions of heal wounds.
  3582 | D:5      | 3582 ||| Stepping ~*~*~tactically~*~*~ (stealth).
  3709 | D:5      | Found a staircase to the Ecumenical Temple.
  3710 | D:5      | 3710 ||| Stepping ~*~*~tactically~*~*~ (stealth).
  3713 | D:5      | 3713 ||| Stepping ~*~*~tactically~*~*~ (stealth).
  3726 | D:5      | 3726 ||| Stepping ~*~*~tactically~*~*~ (stealth).
  3729 | D:5      | 3729 ||| Stepping ~*~*~tactically~*~*~ (hiding).
  3730 | D:5      | 3730 ||| Stepping ~*~*~tactically~*~*~ (hiding).
  3804 | D:5      | Reached skill level 8 in Axes
  4086 | D:5      | 4086 ||| Stepping ~*~*~tactically~*~*~ (hiding).
  4223 | D:5      | 4223 ||| Stepping ~*~*~tactically~*~*~ (stealth).
  4247 | D:5      | Reached skill level 6 in Fighting
  4272 | D:5      | Found a sparkling altar of Nemelex Xobeh.
  4299 | D:5      | 4299 ||| UPGRADING to +6 ring of dexterity.
  4300 | D:5      | 4300 ||| READING scroll labelled JEJURE REJACY.
  4301 | D:5      | 4301 ||| READING scroll labelled MASAEN KYRI.
  4302 | D:5      | 4302 ||| READING 3 scrolls of identify.
  4302 | D:5      | 4302 ||| IDENTIFYING metallic yellow potion
  4303 | D:5      | 4303 ||| READING 2 scrolls of identify.
  4303 | D:5      | 4303 ||| IDENTIFYING grey potion
  4304 | D:5      | 4304 ||| DROPPING potion of invisibility.
  4305 | D:5      | 4305 ||| DROPPING potion of magic.
  4443 | D:6      | Found a snail-covered altar of Cheibriados.
  4459 | D:6      | Found a burning altar of Makhleb.
  4481 | D:6      | Reached skill level 1 in Dodging
  4481 | D:6      | Reached XP level 9. HP: 55/55 MP: 10/10
  4525 | D:6      | Found a stormy altar of Qazlal.
  4556 | D:6      | Found a shimmering altar of Xom.
  5191 | D:6      | 5191 ||| INVOKING Fiery Armour.
  5328 | D:7      | Reached skill level 9 in Axes
  5480 | D:7      | 5480 ||| Stepping ~*~*~tactically~*~*~ (stealth).
  5924 | D:7      | Found an ornate altar of the Wu Jian Council.
  5958 | D:7      | 5958 ||| UPGRADING to +3 chain mail.
  5968 | D:7      | 5968 ||| DROPPING +0 chain mail.
  5969 | D:7      | 5969 ||| READING 2 scrolls labelled XIVIUM JOSTUHI.
  5970 | D:7      | 5970 ||| READING scroll of brand weapon.
  5970 | D:7      | 5970 ||| BRANDING +0 war axe of electrocution.
  5971 | D:7      | 5971 ||| DROPPING -1 hand axe of flaming.
  5997 | D:8      | Found a shadowy altar of Dithmenos.
  6059 | D:8      | Found a large runed translucent door.
  6061 | D:8      | Found a large runed translucent door.
  6066 | D:8      | Noticed a red ugly thing
  6066 | D:8      | Noticed a centaur warrior
  6076 | D:8      | Found a large runed translucent door.
  6076 | D:8      | Found a large runed translucent door.
  6228 | D:8      | 6228 ||| Stepping ~*~*~tactically~*~*~ (hiding).
  6230 | D:8      | 6230 ||| Stepping ~*~*~tactically~*~*~ (hiding).
  6247 | D:8      | Reached XP level 10. HP: 63/63 MP: 11/11
  6341 | D:8      | 6341 ||| Stepping ~*~*~tactically~*~*~ (stealth).
  6343 | D:8      | 6343 ||| Stepping ~*~*~tactically~*~*~ (stealth).
  6346 | D:8      | 6346 ||| INVOKING Fiery Armour.
  6353 | D:8      | 6353 ||| Stepping ~*~*~tactically~*~*~ (hiding).
  6362 | D:8      | Reached skill level 10 in Axes
  6414 | D:8      | 6414 ||| Stepping ~*~*~tactically~*~*~ (hiding).
  6473 | D:8      | 6473 ||| Stepping ~*~*~tactically~*~*~ (hiding).
  6489 | D:8      | 6489 ||| Stepping ~*~*~tactically~*~*~ (hiding).
  6492 | D:8      | Noticed Erica
  6493 | D:8      | 6493 ||| INVOKING Fiery Armour.
  6514 | D:8      | HP: 11/64 [something (13)]
  6520 | D:8      | HP: 4/64 [something (4)]
  6520 | D:8      | HP: 1/64 [something (3)]
  6521 | D:8      | Killed Erica
  6522 | D:8      | Reached skill level 6 in Shields
  6804 | D:8      | 6804 ||| Stepping ~*~*~tactically~*~*~ (hiding).
  6805 | D:8      | 6805 ||| Stepping ~*~*~tactically~*~*~ (hiding).
  6806 | D:8      | 6806 ||| Stepping ~*~*~tactically~*~*~ (hiding).
  7274 | D:8      | Found a sacrificial altar of Ru.
  7322 | D:8      | 7322 ||| Stepping ~*~*~tactically~*~*~ (stealth).
  7350 | D:8      | 7350 ||| Stepping ~*~*~tactically~*~*~ (hiding).
  7370 | D:8      | 7370 ||| Stepping randomly (disturbance).
  7374 | D:8      | Killed an unseen horror
  7375 | D:8      | Reached skill level 11 in Axes
  7471 | D:8      | Noticed a kobold demonologist
  7483 | D:8      | Gained mutation: Your body sometimes deteriorates upon
                  | taking damage. [a neqoxec]
  7486 | D:8      | Killed a kobold demonologist
  7487 | D:8      | Reached skill level 6 in Armour
  7533 | D:8      | 7533 ||| Stepping ~*~*~tactically~*~*~ (hiding).
  7738 | D:8      | 7738 ||| UPGRADING to +0 pair of gloves.
  7789 | D:9      | 7789 ||| Stepping ~*~*~tactically~*~*~ (stealth).
  7791 | D:9      | 7791 ||| Stepping ~*~*~tactically~*~*~ (stealth).
  7793 | D:9      | 7793 ||| Stepping ~*~*~tactically~*~*~ (stealth).
  7798 | D:9      | Reached XP level 11. HP: 69/69 MP: 12/12
  7807 | D:9      | 7807 ||| INVOKING Fiery Armour.
  7812 | D:9      | Reached skill level 9 in Fighting
  7826 | D:9      | 7826 ||| Stepping ~*~*~tactically~*~*~ (stealth).
  7832 | D:9      | 7832 ||| Stepping ~*~*~tactically~*~*~ (stealth).
  7833 | D:9      | 7833 ||| Stepping ~*~*~tactically~*~*~ (stealth).
  7835 | D:9      | 7835 ||| SWAPPING to +2 vampiric hand axe.
  7843 | D:9      | 7843 ||| Stepping ~*~*~tactically~*~*~ (stealth).
  7884 | D:9      | 7884 ||| Stepping ~*~*~tactically~*~*~ (stealth).
  7960 | D:9      | 7960 ||| Stepping ~*~*~tactically~*~*~ (hiding).
  7995 | D:9      | 7995 ||| INVOKING Fiery Armour.
  8038 | D:9      | 8038 ||| Stepping ~*~*~tactically~*~*~ (stealth).
  8039 | D:9      | 8039 ||| Stepping ~*~*~tactically~*~*~ (stealth).
  8045 | D:9      | 8045 ||| Stepping ~*~*~tactically~*~*~ (stealth).
  8046 | D:9      | 8046 ||| Stepping ~*~*~tactically~*~*~ (stealth).
  8047 | D:9      | 8047 ||| Stepping ~*~*~tactically~*~*~ (stealth).
  8049 | D:9      | 8049 ||| Stepping ~*~*~tactically~*~*~ (stealth).
  8051 | D:9      | 8051 ||| Stepping ~*~*~tactically~*~*~ (stealth).
  8053 | D:9      | 8053 ||| Stepping ~*~*~tactically~*~*~ (stealth).
  8054 | D:9      | 8054 ||| Stepping ~*~*~tactically~*~*~ (stealth).
  8055 | D:9      | 8055 ||| Stepping ~*~*~tactically~*~*~ (stealth).
  8063 | D:9      | 8063 ||| Stepping ~*~*~tactically~*~*~ (stealth).
  8065 | D:9      | 8065 ||| Stepping ~*~*~tactically~*~*~ (stealth).
  8151 | D:9      | Found a staircase to the Orcish Mines.
  8179 | D:9      | Noticed a two-headed ogre
  8180 | D:9      | 8180 ||| Stepping ~*~*~tactically~*~*~ (stealth).
  8183 | D:9      | 8183 ||| Stepping ~*~*~tactically~*~*~ (stealth).
  8202 | D:9      | Killed a two-headed ogre
  8203 | D:9      | Reached skill level 12 in Axes
  8204 | D:9      | 8204 ||| Stepping ~*~*~tactically~*~*~ (stealth).
  8207 | D:9      | 8207 ||| Stepping ~*~*~tactically~*~*~ (hiding).
  8208 | D:9      | Noticed Joseph
  8219 | D:9      | 8219 ||| Stepping ~*~*~tactically~*~*~ (hiding).
  8221 | D:9      | 8221 ||| Stepping ~*~*~tactically~*~*~ (hiding).
  8244 | D:9      | Killed Joseph
  8371 | D:9      | 8371 ||| INVOKING Fiery Armour.
  8582 | D:9      | 8582 ||| UPGRADING to +4 ring of slaying {mikee}.
  8590 | D:10     | Entered Level 10 of the Dungeon
  8668 | D:10     | Found a portal to a secret trove of treasure.
  8805 | D:10     | 8805 ||| READING scroll of enchant armour.
  8805 | D:10     | 8805 ||| ENCHANTING +0 pair of gloves.
  8832 | D:10     | Found an ancient bone altar of Kikubaaqudgha.
  8872 | D:10     | 8872 ||| Stepping ~*~*~tactically~*~*~ (stealth).
  8983 | D:10     | 8983 ||| INVOKING Fiery Armour.
  8984 | D:10     | HP: 14/72 [gargoyle/stone arrow (12)]
  8985 | D:10     | 8985 ||| READING 3 scrolls of teleportation.
  8985 | D:10     | Killed from afar by a gargoyle

Levels and vault maps discovered:
D:1:      nagdon_arrival_double_spiral, layout_basic
D:2:      layout_rooms, shapermc_ecumenical_altar_mp_ritualfount
D:3:      kennysheep_big_flooded_room, layout_loops_ring, uniq_natasha
D:4:      layout_rooms, portal_sewer_entry_a, serial_shops, shop
D:5:      layout_gridville, marbit_many_paths, minmay_temple_entry_trees
D:6:      layout_cave_pods, kennysheep_slug_shrine,
          mainiacjoe_overflow_two_lobes, lemuel_round_altar, grunt_tough_drop
D:7:      layout_basic, lemuel_tele_altar
D:8:      kennysheep_six_static_rooms, layout_loops_corners,
          nicolae_ru_the_path_less_chosen, grunt_dithmenos_shadows,
          serial_demonic, serial_demonic_d, serial_demonic_d, serial_demonic_a,
          serial_demonic_g, serial_demonic_d, serial_demonic_d,
          serial_demonic_c, minmay_hollow_rounded_squares, uniq_erica
D:9:      layout_cave_pools, erik_orc_4, uniq_joseph
D:10:     layout_roguey, nicolae_overflow_hidden_temple, trove_entry_hex_spiral

Skill      XL: |  1  2  3  4  5  6  7  8  9 10 11 |
---------------+----------------------------------+-----
Axes           | 3 4 5 7 8 9 11 12 | 12.0
Shields        | 2 3 4 6 |  6.0
Armour         | 1 3 4 5 6 7 |  7.0
Fighting       | 4 6 7 8 10 | 10.0
Throwing       | 1 |  1.6
Dodging        | 1 2 |  2.1
Spellcasting   | |  1.0
Fire Magic     | |  3.0

Action                     |  1- 3 |  4- 6 |  7- 9 | 10-12 || total
---------------------------+-------+-------+-------+-------++-------
  Melee: Hand axe          |    77 |   101 |    14 |   177 ||   369
         Punch             |     1 |       |       |       ||     1
         War axe           |       |       |   252 |   217 ||   469
  Throw: Boomerang         |    48 |    52 |   114 |    72 ||   286
 Invoke: Fiery Armour      |     1 |     2 |     1 |     6 ||    10
    Use: Scroll            |     8 |     3 |    12 |     2 ||    25
         Potion            |     1 |     1 |     1 |       ||     3
 Armour: Robe              |     6 |       |       |       ||     6
         Leather armour    |    28 |       |       |       ||    28
         Scale mail        |     3 |    32 |       |       ||    35
         Chain mail        |       |    51 |   191 |   258 ||   500
  Dodge: Dodged            |    45 |    53 |   104 |   160 ||   362
  Block: Buckler           |     1 |    14 |    61 |    89 ||   165

Table legend:
 A = Non-vault XP
 B = Vault XP
 C = Vault XP percentage of total XP
 D = Non-vault monster count
 E = Vault monster count
 F = Vault count percentage of total count
                 A         B        C        D         E       F
            +---------+---------+-------+---------+---------+-------
      Total |    9010 |    5545 |  38.1 |     166 |      95 |  36.4
            +---------+---------+-------+---------+---------+-------
        D:1 |      27 |       0 |   0.0 |      17 |       0 |   0.0
        D:2 |      30 |       0 |   0.0 |      13 |       0 |   0.0
        D:3 |     359 |      37 |   9.3 |      22 |       3 |  12.0
        D:4 |     199 |       6 |   2.9 |       9 |       4 |  30.8
        D:5 |     977 |      46 |   4.5 |      21 |       1 |   4.5
        D:6 |     442 |     388 |  46.7 |      12 |       4 |  25.0
        D:7 |     985 |       0 |   0.0 |      15 |       0 |   0.0
        D:8 |    1397 |    3533 |  71.7 |      20 |      35 |  63.6
        D:9 |    3909 |     885 |  18.5 |      34 |      15 |  30.6
       D:10 |     685 |       0 |   0.0 |       3 |       0 |   0.0
      Sewer |       0 |     650 | 100.0 |       0 |      33 | 100.0
            +---------+---------+-------+---------+---------+-------
